 Dungeon Crawl Stone Soup version 0.27-a0-994-g5030419646 (webtiles) character file.

Game seed: 7155170635739907889

56 Feya the Ruffian (level 3, -11/36 HPs)
             Began as a Troll Berserker on Apr 16, 2021.
             Was a Follower of Trog.
             Mangled by Crazy Yiuf
             ... wielding a +2 quarterstaff of chaos
              (13 damage)
             ... on level 2 of the Dungeon.
             The game lasted 00:11:04 (1568 turns).

Feya the Ruffian (Troll Berserker)                  Turns: 1568, Time: 00:11:05

Health: -11/36     AC:  4    Str: 25    XL:     3   Next: 71%
Magic:  2/2        EV: 10    Int:  3    God:    Trog [*.....]
Gold:   94         SH:  0    Dex: 10    Spells: 2/2 levels left

rFire    . . .     SeeInvis .     - Unarmed
rCold    . . .     Faith    .   (no shield)
rNeg     . . .     Spirit   .   a - +0 animal skin
rPois    .         Reflect  .   (helmet restricted)
rElec    .         Harm     .   (no cloak)
rCorr    .         Rampage  .   (gloves unavailable)
Will     .....                  (boots unavailable)
Stlth    +.........             (no amulet)
HPRegen  1.12/turn              (no ring)
MPRegen  0.08/turn              (no ring)

@: lethally poisoned (-11 -> -11), on berserk cooldown, slowed, very slow
A: large, unfitting armour, claws 3, regeneration 1, shaggy fur 1, tough skin 1
a: Renounce Religion, Berserk


You were on level 2 of the Dungeon.
You worshipped Trog.
Trog was aware of your devotion.
You visited 1 branch of the dungeon, and saw 2 of its levels.

You collected 94 gold pieces.

Inventory:

Missiles
 g - 51 stones
 i - 21 bolts
Armour
 a - a +0 animal skin (worn)
 k - a +0 robe
Scrolls
 b - a scroll of vulnerability {unknown}
 c - a scroll of teleportation {unknown}
 d - 3 scrolls of enchant weapon {unknown}
 f - a scroll of identify {unknown}
 h - 3 scrolls of amnesia {unknown}
Potions
 e - a potion of curing {unknown}
 j - a potion of haste {unknown}


   Skills:
 + Level 2.6 Fighting
 * Level 3.1 Dodging
 * Level 3.8 Unarmed Combat


You had 2 spell levels left.
You didn't know any spells.
Your spell library contained the following spells:

 Spells                   Type           Power      Damage    Failure   Level
 Beastly Appendage        Tmut           0%         N/A       52%         1
 Wereblood                Tmut           0%         N/A       67%         2
 Spider Form              Tmut/Pois      0%         N/A       88%         3
 Ice Form                 Ice/Tmut       0%         N/A       99%         4
 Hydra Form               Tmut           0%         N/A       100%        5


Dungeon Overview and Level Annotations

Branches:
Dungeon (2/15)

Altars:

Annotations:
D:2 Crazy Yiuf


Innate Abilities, Weirdness & Mutations

You are too large for most types of armour.
You have claws for hands.
Your natural rate of healing is unusually fast.
You are covered in fur. (AC +1)
You have tough skin. (AC +1)


Message History

Crazy Yiuf whimpers, "Flower disdain meccalolo!"
You closely miss Crazy Yiuf.
Crazy Yiuf hits you with a +2 quarterstaff of chaos!
Crazy Yiuf freezes you.
Crazy Yiuf says, "Crazy?
Crazy!?
PORCUPINE!"
You see here a +0 mace.
You see here a +0 mace.
You see here a +0 mace.
You see here a +0 mace.
You see here a +0 mace.
Crazy Yiuf says, "Earwax!
East wrapper stair."
Crazy Yiuf twirls on the spot.
Crazy Yiuf says, "Spliff!
Blight snail childish."
A red film seems to cover your vision as you go berserk!
You feel yourself moving faster!
You feel mighty!
Crazy Yiuf grits, "Earwax!"
Crazy Yiuf hits you with a +2 quarterstaff of chaos!
Crazy Yiuf burns you.
You closely miss Crazy Yiuf.
Crazy Yiuf hits you with a +2 quarterstaff of chaos!
* * * LOW HITPOINT WARNING * * *
You are poisoned.
You feel very sick.
You feel a strong urge to attack something.
You feel very sick.
You feel sick.
You feel your anger nearly subside.
You feel sick.
You are no longer berserk.
You are exhausted.
You feel yourself slow down.
* * * LOW HITPOINT WARNING * * *
You feel sick.
* * * LOW HITPOINT WARNING * * *
You feel very sick. Crazy Yiuf completely misses you.
You feel sick.
You feel sick.
Crazy Yiuf hits you with a +2 quarterstaff of chaos!
You die...

##.#.####.## #......
#.#...##.8.##.....#
.##....##.##.# #.# #
.........#...###.##.#
###........#........#
#.....########.####
#####.#### ####.##
#........# #.....#
#.###.##.# #.##@.#
#.# #.##.# #.##g.#
#.# #.##.# #.#...#
#.# #..#.# #.#.#.##
###
#########..#...####
#............+
♣♣♣♣♣###........####
♣♣♣)♣)P#.#.#####.##
#♣))♣)P.....# #.#


You could see Crazy Yiuf.

Vanquished Creatures
  2 adders (D:2)
  A worm (D:2)
  2 dart slugs (D:1)
  An endoplasm (D:2)
  5 goblins
  A hobgoblin (D:2)
  2 jackals (D:1)
  3 ball pythons
  8 bats
  2 frilled lizards (D:1)
  4 kobolds
  2 rats
33 creatures vanquished.

Vanquished Creatures (others)
  10 fungi (D:1)
  9 plants
19 creatures vanquished.

Grand Total: 52 creatures vanquished

Notes
Turn   | Place    | Note
-------+----------+-------------------------------------------
     0 | D:1      | Feya the Troll Berserker began the quest for the Orb.
     0 | D:1      | Reached XP level 1. HP: 22/22 MP: 0/0
   140 | D:1      | Reached XP level 2. HP: 29/29 MP: 1/1
   633 | D:1      | Found a faded altar of an unknown god.
   977 | D:2      | Reached XP level 3. HP: 34/36 MP: 2/2
  1538 | D:2      | Found a runed translucent door.
  1543 | D:2      | Noticed Crazy Yiuf
  1568 | D:2      | Mangled by Crazy Yiuf

Illustrated notes

Levels and vault maps discovered:
D:1:      onia_arrival_mini_spirals, layout_loops_ring,
          shapermc_ecumenical_altar_hornbeckon
D:2:      layout_loops_corners, serial_bayou_pond_b, grunt_decor_mini_mirrors,
          uniq_crazy_yiuf_cottage

Skill      XL: |  1  2  3 |
---------------+----------+-----
Dodging        | 3 |  3.1
Fighting       | |  2.6
Unarmed Combat | |  3.8

Action                   || total
-------------------------++-------
Melee: Unarmed           ||   133
       Punch             ||     4
Invok: Berserk           ||     2
 Stab: Sleeping          ||     1
Armor: Animal skin       ||    35
Dodge: Dodged            ||    62

Table legend: (Time is in decaauts)
 A = Elapsed time spent in this place.
 B = Non-inter-level travel time spent in this place.
 C = Inter-level travel time spent in this place.
 D = Time resting spent in this place.
 E = Time spent auto-exploring this place.
 F = Levels seen in this place.
 G = Mean time per level.
                   A        B        C        D        E       F      G
               +--------+--------+--------+--------+--------+-----+--------+
         Total |   1577 |   1577 |      0 |    100 |     13 |   2 |  788.5 |
       Dungeon |   1577 |   1577 |      0 |    100 |     13 |   2 |  788.5 |
               +--------+--------+--------+--------+--------+-----+--------+

Top non-repeatable levels by time:
     D:1: 836 daAuts
     D:2: 740 daAuts
